 Dungeon Crawl Stone Soup version 0.17.0 (webtiles) character file.

3196 Geomchi the Destroyer (level 9, -1/56 HPs)
             Began as a Tengu Air Elementalist on Nov 7, 2015.
             Was a Priest of Vehumet.
             Slain by a troll (8 damage)
             ... on level 8 of the Dungeon.
             The game lasted 00:15:15 (10544 turns).

Geomchi the Destroyer (Tengu Air Elementalist)     Turns: 10544, Time: 00:15:15

Health: -1/56      AC:  7    Str: 14    XL:     9   Next: 96%
Magic:  5/17       EV: 16    Int: 18    God:    Vehumet [***...]
Gold:   354        SH:  0    Dex: 15    Spells: 5 memorised, 7 levels left

rFire  . . .     SeeInvis .     n - +0 quarterstaff (protect)
rCold  . . .     Clarity  .     x - +0 robe (curse)
rNeg   . . .     SustAt   .     (shield currently unavailable)
rPois  +         Gourm    .     (helmet restricted)
rElec  .         Spirit   .     (no cloak)
rCorr  .         Warding  .     (no gloves)
rMut   .         Rnd*Tele +     (boots unavailable)
MR     .....                    (no amulet)
Stlth  ++........               o - ring of poison resistance
                                L - ring of teleportation (curse)

@: mighty, repel missiles, not resistant to hostile enchantments, unstealthy
A: beak, talons 3, able to fly 1
a: Fly, Renounce Religion, Evoke Teleportation


You were on level 8 of the Dungeon.
You worshipped Vehumet.
Vehumet was most pleased with you.
You were not hungry.

You visited 2 branches of the dungeon, and saw 9 of its levels.
You also visited: Sewer.

You collected 354 gold pieces.

Inventory:

Hand Weapons
 e - a +2 dagger of venom
 n - a +0 quarterstaff of protection (weapon)
 D - a +0 lajatang
Armour
 x - a cursed +0 robe (worn)
 I - a cursed +0 robe
Jewellery
 i - an uncursed ring of positive energy
 o - a ring of poison resistance (right hand)
 L - a cursed ring of teleportation (left hand)
Wands
 a - a wand of cold (1)
 y - a wand of enslavement (22)
 A - a wand of frost (21)
 H - a wand of fire (7)
 N - a wand of confusion (24)
Scrolls
 d - 3 scrolls of enchant armour
 f - 2 scrolls of fog
 l - a scroll of magic mapping
 p - 2 scrolls of recharging {unknown}
 q - a scroll of blinking {unknown}
 t - 3 scrolls of teleportation
 u - 2 scrolls of fear {unknown}
 G - a scroll of random uselessness {unknown}
Potions
 g - a potion of invisibility
 h - 2 potions of cancellation
 k - a potion of ambrosia
 m - a potion of might
 r - a potion of brilliance {unknown}
 s - 2 potions of magic
 z - a potion of poison {unknown}
 B - 2 potions of curing
 C - a potion of degeneration {unknown}
 E - a potion of lignification {unknown}
 J - 2 potions of berserk rage {unknown}
Books
 b - a book of Air

   Spells                             Type                      Level
   a - Shock                          Conjuration/Air              1
   b - Swiftness                      Charms/Air                   2
   c - Repel Missiles                 Charms/Air                   2
   d - Static Discharge               Conjuration/Air              3
   e - Lightning Bolt                 Conjuration/Air              5
 j - a Necronomicon

   Spells                             Type                      Level
   a - Haunt                          Necromancy/Summoning         7
   b - Borgnjor's Revivification      Necromancy                   8
   c - Death's Door                   Charms/Necromancy            8
   d - Necromutation                  Transmutation/Necromancy     8
Comestibles
 c - 6 bread rations {@e1}
 v - a royal jelly
 w - 3 fruits
 F - 2 slices of pizza
 K - a beef jerky
 M - a meat ration {@e2}


   Skills:
 + Level 6.7 Fighting
 - Level 4.0 Staves
 + Level 6.3 Dodging
 - Level 2.0 Stealth
 - Level 5.0 Spellcasting
 - Level 8.1 Conjurations
 - Level 8.1 Air Magic


You had 7 spell levels left.
You knew the following spells:

 Your Spells              Type           Power        Failure   Level  Hunger
a - Shock                 Conj/Air       ####         1%          1    None
b - Static Discharge      Conj/Air       ####....     1%          3    ##.....
c - Swiftness             Chrm/Air       ###.....     4%          2    #......
d - Mephitic Cloud        Conj/Pois/Air  ###.....     1%          3    ##.....
e - Repel Missiles        Chrm/Air       ###...       4%          2    #......


Dungeon Overview and Level Annotations

Branches:
Dungeon (8/15)             Temple (1/1) D:4
   Lair: D:8-11

Altars:
Ashenzari
Cheibriados
Dithmenos
Elyvilon
Fedhas
Gozag
Kikubaaqudgha
Makhleb
Nemelex Xobeh
Okawaru
Qazlal
Ru
Sif Muna
Trog
Vehumet
Xom
Yredelemnul
Zin
The Shining One


Innate Abilities, Weirdness & Mutations

You have a beak for a mouth.
You have claws for feet.
You can fly.


Message History

Your peck misses the troll. The troll bites you. The troll claws you.
The troll claws you. The troll bites you.
The troll claws you but does no damage. The troll closely misses you.
You take 13 damage, and have 29/56 hp.
MASSIVE DAMAGE!!
You hit the troll but do no damage. The troll bites you! The troll claws you.
* * * LOW HITPOINT WARNING * * *
The troll completely misses you.
You take 15 damage, and have 14/56 hp.
MASSIVE DAMAGE!!
Drink which item? (? for menu, Esc to quit)
You feel very mighty all of a sudden. The troll bites you.
* * * LOW HITPOINT WARNING * * *
The troll claws you.
* * * LOW HITPOINT WARNING * * *
The troll misses you.
You take 5 damage, and have 9/56 hp.
You hit the troll. You claw the troll. The troll bites you.
* * * LOW HITPOINT WARNING * * *
The troll claws you!
You die...

...._.......##
............
#....8.._..#
#...[......#
#...)....###
#..._..)...
#.....).#
..####.T.##..#
........@..(.###.
.$..##.#....(...#
...
...#.#...###.# .
..##.#...#.# ...
#.##.##.# .. ..
#.# .# . #. #.#
.# #. #.# #.#


You could see a troll.

Vanquished Creatures
  Pikel (D:8)
  A wasp (D:7)
  A phantom (D:7)
  2 ice beasts
  A slave (D:8)
  A centaur (D:5)
  6 giant frogs
  3 big kobolds (Sewer)
  5 scorpions
  A water moccasin skeleton (D:6)
  2 wights (D:7)
  A crimson imp (D:7)
  A quasit (D:7)
  3 orc priests
  11 hounds
  A jelly (D:8)
  An iguana (D:4)
  2 centaur skeletons
  4 orc wizards
  6 worker ants
  A hound zombie (D:8)
  2 hound skeletons
  9 adders
  11 gnolls
  4 shadow imps
  A river rat (D:5)
  6 oozes
  An adder zombie (D:6)
  6 worms
  18 orcs
  6 ball pythons
  5 giant cockroaches
  6 hobgoblins
  17 jackals
  15 kobolds
  4 quokkas
  11 bats
  5 giant geckos
  2 giant newts
  2 gnoll zombies (D:2)
  12 goblins
  A quokka skeleton (D:4)
  7 rats
206 creatures vanquished.

Vanquished Creatures (others)
  A slave (D:8)
  A crimson imp (D:8)
2 creatures vanquished.

Grand Total: 208 creatures vanquished

Notes
Turn   | Place    | Note
--------------------------------------------------------------
     0 | D:1      | Geomchi the Tengu Air Elementalist began the quest for the Orb.
     0 | D:1      | Reached XP level 1. HP: 10/10 MP: 4/4
   284 | D:1      | Reached XP level 2. HP: 15/15 MP: 3/6
   732 | D:1      | Noticed a scorpion
   737 | D:1      | Reached XP level 3. HP: 19/19 MP: 5/7
   747 | D:1      | Killed a scorpion
   747 | D:1      | Reached skill level 5 in Conjurations
   747 | D:1      | Reached XP level 4. HP: 17/24 MP: 1/8
  1875 | D:2      | Found a basalt altar of Yredelemnul.
  1953 | D:2      | Gained mutation: You can fly. [Tengu growth]
  1953 | D:2      | Reached XP level 5. HP: 17/28 MP: 2/9
  2297 | D:2      | Reached skill level 5 in Air Magic
  2900 | D:3      | Reached skill level 6 in Conjurations
  3216 | D:3      | Reached XP level 6. HP: 32/32 MP: 2/10
  3959 | D:4      | Learned a level 3 spell: Static Discharge
  3962 | D:4      | Learned a level 2 spell: Swiftness
  3965 | D:4      | Learned a level 2 spell: Repel Missiles
  4735 | D:4      | Found a white marble altar of Elyvilon.
  4738 | D:4      | Found a shadowy altar of Dithmenos.
  4844 | D:4      | Found a staircase to the Ecumenical Temple.
  4854 | D:4      | Reached XP level 7. HP: 27/36 MP: 1/14
  5000 | Temple   | Entered the Ecumenical Temple
  5159 | Temple   | Became a worshipper of Vehumet
  5678 | D:4      | Reached skill level 5 in Spellcasting
  5978 | D:5      | Entered Level 5 of the Dungeon
  6018 | D:5      | Found a glowing drain.
  6084 | Sewer    | Entered a sewer
  6270 | Sewer    | Reached * piety under Vehumet
  6270 | Sewer    | Offered knowledge of Sting by Vehumet.
  6681 | Sewer    | Reached skill level 7 in Air Magic
  6689 | Sewer    | Reached XP level 8. HP: 21/41 MP: 3/16
  7428 | D:5      | Reached skill level 8 in Air Magic
  7698 | D:5      | Found an opulent altar of Gozag.
  7815 | D:5      | Reached skill level 1 in Fighting
  7815 | D:5      | Reached skill level 1 in Staves
  7873 | D:5      | Found a bloodstained altar of Trog.
  7878 | D:5      | Found a shattered altar of Ashenzari.
  8549 | D:6      | Reached ** piety under Vehumet
  8556 | D:6      | Offered knowledge of Throw Flame by Vehumet.
  8777 | D:6      | Reached XP level 9. HP: 48/51 MP: 9/17
  8963 | D:6      | Found a sparkling altar of Nemelex Xobeh.
  9472 | D:7      | Offered knowledge of Mephitic Cloud by Vehumet.
  9477 | D:7      | Learned a level 3 spell: Mephitic Cloud
  9776 | D:7      | Reached skill level 5 in Fighting
 10044 | D:7      | Reached *** piety under Vehumet
 10044 | D:7      | Reached skill level 5 in Dodging
 10385 | D:8      | Noticed Pikel
 10410 | D:8      | Killed Pikel
 10419 | D:8      | Found a snail-covered altar of Cheibriados.
 10505 | D:8      | Found a glowing golden altar of the Shining One.
 10505 | D:8      | Found a glowing silver altar of Zin.
 10505 | D:8      | Found a sacrificial altar of Ru.
 10533 | D:8      | Offered knowledge of Airstrike by Vehumet.
 10544 | D:8      | Slain by a troll

Action                   |  1- 3 |  4- 6 |  7- 9 || total
-------------------------+-------+-------+-------++-------
Melee: Unarmed           |     3 |       |       ||     3
       Dagger            |     1 |       |       ||     1
       Quarterstaff      |       |     3 |   101 ||   104
 Cast: Shock             |    35 |   197 |   345 ||   577
       Static Discharge  |       |     3 |    20 ||    23
       Repel Missiles    |       |     1 |     2 ||     3
       Mephitic Cloud    |       |       |     3 ||     3
  Use: Scroll            |       |     6 |     5 ||    11
       Potion            |       |     1 |     2 ||     3
  Eat: Chunk             |       |    10 |    18 ||    28
       Beef jerky        |       |     1 |       ||     1
       Meat ration       |       |     1 |       ||     1
